AoeStats
← Imperio Argentino

Oasis

508678735Analyzed
3v3 RM · 9d ago on Sep 23, 2026· 55m 48s· 6 players
Game mode
Random Map
Map size
Normal (6 player)
Population
200
Speed
Normal
Resources
Standard
Victory
Conquest
Starting age
Dark Age
Ending age
Imperial Age
RankedLock teamsTeams togetherTeam positionsShared explorationLock speedFull tech treeHidden civsTurbo modeCheats
Victory
Defeat
🇪🇸 Teutons · Spain
561
+15
🇦🇷 Persians · Argentina
514
+17
🇨🇴 Malians · Colombia
506
+17
🇦🇷 Spanish · Argentina
600
-19
🇨🇳 Franks · China
544
-17
🇮🇹 Aztecs · Italy
453
-13
Nick35
0:47 Loom
17:53 Feudal Age
20:00 Horse Collar
19:56 Man-at-Arms
20:22 Arson
20:36 Double-Bit Axe
27:24 Castle Age
26:01 Forging
25:52 Scale Mail Armor
26:40 Scale Barding Armor
26:26 Fletching
27:01 Gold Mining
27:59 Light Cavalry
28:49 Bloodlines
34:08 Bow Saw
35:15 Long Swordsman
35:15 Pikeman
38:42 Squires
48:47 Imperial Age
47:36 Crossbowman
47:36 Elite Skirmisher
48:50 Two-Handed Swordsman
53:01 Masonry
52:31 Treadmill Crane
52:42 Heated Shot
53:13 Ballistics
53:53 Chemistry
52:51 Murder Holes
52:46 Guard Tower
53:08 Clinker Construction
53:10 Careening
54:54 Champion
55:48 Caravan
Santino D´Antonio
0:33 Loom
11:14 Feudal Age
13:23 Horse Collar
15:31 Double-Bit Axe
17:37 Wheelbarrow
22:49 Castle Age
23:05 Fletching
26:37 Heavy Plow
26:51 Bow Saw
27:04 Hand Cart
28:11 Caravan
35:17 Stone Mining
35:17 Gold Mining
37:55 Bodkin Arrow
38:49 Stone Shaft Mining
41:37 Imperial Age
38:53 Town Watch
42:34 Ballistics
42:05 Heated Shot
42:29 Fervor
42:30 Redemption
42:40 Forging
42:31 Scale Mail Armor
42:37 Scale Barding Armor
42:33 Padded Archer Armor
43:55 Chemistry
42:40 Arrowslits
43:07 Masonry
43:08 Fortified Wall
43:40 Conscription
43:57 Bloodlines
43:08 Cavalier
45:17 Crenellations
45:17 Ironclad
45:35 Bombard Tower
45:23 Town Patrol
44:53 Pikeman
45:34 Squires
45:19 Arson
45:22 Gambesons
45:19 Paladin
48:15 Crop Rotation
48:50 Two-Man Saw
50:00 Iron Casting
49:41 Chain Mail Armor
49:47 Chain Barding Armor
49:43 Leather Archer Armor
49:57 Elite Teutonic Knight
51:13 Hoardings
55:32 Plate Barding Armor
55:27 Plate Mail Armor
cangapolacelular
12:28 Feudal Age
20:12 Castle Age
18:42 Double-Bit Axe
19:03 Horse Collar
30:13 Husbandry
34:04 Heavy Plow
38:36 Scale Barding Armor
38:42 Forging
39:31 Gold Mining
39:32 Stone Mining
44:33 Imperial Age
42:43 Wheelbarrow
41:53 Town Watch
41:54 Loom
45:14 Gold Shaft Mining
44:12 Cavalier
47:05 Savar
48:17 Chain Barding Armor
48:33 Iron Casting
50:31 Plate Barding Armor
cbarattic
10:44 Loom
13:25 Feudal Age
14:46 Wheelbarrow
14:03 Double-Bit Axe
16:27 Stone Mining
16:28 Gold Mining
16:01 Man-at-Arms
16:27 Arson
23:36 Fletching
23:57 Forging
30:44 Castle Age
30:55 Crossbowman
30:58 Long Swordsman
31:25 Gambesons
31:41 Squires
32:23 Hand Cart
32:23 Bow Saw
35:47 Iron Casting
35:13 Padded Archer Armor
40:00 Eagle Warrior
Imperio Argentino
1:00 Loom
16:49 Feudal Age
18:55 Wheelbarrow
18:11 Double-Bit Axe
18:15 Horse Collar
18:32 Gold Mining
18:34 Town Watch
23:15 Castle Age
21:59 Stone Mining
23:27 Forging
23:23 Scale Barding Armor
23:20 Padded Archer Armor
23:11 Fletching
24:53 Hand Cart
25:53 Heavy Plow
27:11 Fortified Wall
29:00 Bow Saw
32:34 Masonry
36:36 Husbandry
36:46 Bloodlines
39:57 Imperial Age
37:52 Pikeman
38:19 Gambesons
38:34 Squires
38:20 Arson
40:06 Scale Mail Armor
40:41 Iron Casting
40:28 Chain Barding Armor
40:14 Halberdier
42:36 Cavalier
44:20 Blast Furnace
43:35 Chain Mail Armor
44:05 Conscription
47:35 Chain Mail Armor
48:54 Town Patrol
50:06 Chemistry
好运姐姐~
10:18 Feudal Age
12:01 Double-Bit Axe
16:32 Wheelbarrow
16:43 Gold Mining
16:49 Stone Mining
23:24 Castle Age
24:24 Hand Cart
24:42 Husbandry
24:32 Light Cavalry
27:42 Gold Shaft Mining
27:47 Bow Saw
29:12 Caravan
36:29 Imperial Age
36:40 Scale Barding Armor
36:48 Scale Barding Armor
37:01 Forging
36:32 Cavalier
38:09 Pikeman
38:52 Squires
41:22 Chain Barding Armor
41:41 Iron Casting
42:46 Plate Barding Armor
43:18 Halberdier
Connection lost

Rejoining the realm…

Still unreachable

The connection could not be restored.

Session expired

The server has moved on; the page needs a fresh start.